AoeStats
← Chasixx

Arabian Desert

509568940Analyzed
1v1 RM · 3d ago on Sep 27, 2026· 23m 41s· 2 players
Game mode
Random Map
Map size
Tiny (2 player)
Population
200
Speed
Normal
Resources
Standard
Victory
Conquest
Starting age
Dark Age
Ending age
Imperial Age
RankedLock teamsTeams togetherTeam positionsShared explorationLock speedFull tech treeHidden civsTurbo modeCheats
Victory
Defeat
🇺🇸 Armenians · United States
592
+17
🇳🇱 Chinese · Netherlands
606
-17
Cosecant
11:10 Loom
13:13 Feudal Age
13:30 Man-at-Arms
13:57 Arson
14:32 Long Swordsman
15:37 Arson
16:30 Loom
22:42 Forging
22:33 Scale Mail Armor
Chasixx
5:07 Loom
11:53 Feudal Age
14:10 Double-Bit Axe
15:00 Arson
15:35 Man-at-Arms
16:33 Forging
16:29 Horse Collar
21:22 Wheelbarrow
20:32 Town Watch
Connection lost

Rejoining the realm…

Still unreachable

The connection could not be restored.

Session expired

The server has moved on; the page needs a fresh start.